 Dungeon Crawl Stone Soup version 0.28.0-47-ge53b351184 (webtiles) character file.

Game seed: 6960582765788138266

5159 firemarshallily the Summoner (level 10, -8/63 HPs)
             Began as a Merfolk Summoner on May 6, 2022.
             Was a Priest of Sif Muna.
             Shot with a bolt by a tengu warrior (32 damage)
             ... on level 9 of the Dungeon.
             The game lasted 00:58:43 (10662 turns).

firemarshallily the Summoner (Merfolk Summoner)    Turns: 10662, Time: 00:58:44

Health: -8/63      AC:  9    Str:  9    XL:     10   Next: 59%
Magic:  16/21      EV: 12    Int: 19    God:    Sif Muna [***...]
Gold:   445        SH:  0    Dex: 14    Spells: 4/24 levels left

rFire   . . .      SeeInvis .   D - +3 trident (freeze)
rCold   . . .      Faith    +   (no shield)
rNeg    . . .      Spirit   .   a - +0 robe
rPois   .          Reflect  .   (no helmet)
rElec   .          Harm     .   r - +0 cloak
rCorr   .          Rampage  .   q - +0 pair of gloves
Will    .....                   u - +0 pair of boots
Stlth   ++........              d - amulet of faith
HPRegen 0.20/turn               h - ring of wizardry
MPRegen 0.17/turn               e - +4 ring of protection

@: studying Armour
A: (nimble swimmer 2), mertail
a: Renounce Religion, Channel Magic, Forget Spell


You were on level 9 of the Dungeon.
You worshipped Sif Muna.
Sif Muna was most pleased with you.
You visited 1 branch of the dungeon, and saw 9 of its levels.

You collected 445 gold pieces.

Inventory:

Hand Weapons
 D - a +3 trident of freezing (weapon)
Missiles
 c - 317 stones
 t - 26 poisoned darts (quivered)
 J - a curare-tipped dart
Armour
 a - a +0 robe (worn)
 q - a +0 pair of gloves (worn)
 r - a +0 cloak (worn)
 u - a +0 pair of boots (worn)
 y - a +1 ring mail of cold resistance
 F - a +3 leather armour of fire resistance
Magical Staves
 x - a staff of poison
 I - a staff of air
Jewellery
 b - an amulet of the acrobat
 d - an amulet of faith (around neck)
 e - a +4 ring of protection (right hand)
 h - a ring of wizardry (left hand)
 l - an amulet of magic regeneration
Wands
 G - a wand of polymorph (6)
 H - a wand of flame (9)
Scrolls
 f - a scroll of silence
 k - 3 scrolls of amnesia
 C - a scroll of enchant weapon {unknown}
Potions
 g - 2 potions of brilliance
 j - a potion of flight
 m - 2 potions of berserk rage
 n - a potion of curing
 o - 2 potions of cancellation
 s - 2 potions of ambrosia {unknown}
 w - a potion of heal wounds {unknown}
 z - a potion of degeneration {unknown}
 A - 2 potions of might {unknown}
 B - a potion of lignification {unknown}
 E - a potion of mutation {unknown}


   Skills:
 + Level 9.2 Polearms
 - Level 2.6 Dodging
 - Level 2.1 Stealth
 + Level 7.6 Spellcasting
 * Level 12.1 Summonings


You had 4 spell levels left.
You knew the following spells:

 Your Spells              Type           Power      Damage    Failure   Level
a - Summon Small Mammal   Summ           100%       N/A       1%          1
b - Call Imp              Summ           52%        N/A       1%          2
c - Call Canine Familiar  Summ           52%        N/A       1%          3
d - Summon Guardian Gole  Hex/Summ       30%        N/A       1%          3
e - Summon Lightning Spi  Summ/Air       30%        N/A       3%          4
f - Summon Hydra          Summ           26%        N/A       22%         7

Your spell library contained the following spells:

 Spells                   Type           Power      Damage    Failure   Level
 Foxfire                  Conj/Fire      28%        2x1d5     4%          1
 Freeze                   Ice            28%        1d5       4%          1
 Sandblast                Erth           14%        2d6       4%          1
 Sting                    Tmut/Pois      28%        1d4       4%          1
 Poisonous Vapours        Pois/Air       14%        N/A       6%          2
 Sublimation of Blood     Necr           7%         N/A       6%          2
 Wereblood                Tmut           7%         N/A       6%          2
 Frozen Ramparts          Ice            14%        1d3       12%         3
 Hailstorm                Conj/Ice       7%         3d4       34%         4
 Olgreb's Toxic Radiance  Pois           7%         N/A       34%         4
 Spellforged Servitor     Conj/Summ      15%        N/A       92%         7
 Orb of Destruction       Conj           3%         9d5       100%        7


Dungeon Overview and Level Annotations

Branches:
Dungeon (9/15)             Temple (0/1) D:5
   Lair: D:8-11         Orc: D:9-12

Altars:
Dithmenos
Elyvilon
Okawaru
Qazlal
Sif Muna
Vehumet
Xom

Shops:
D:3 ?


Innate Abilities, Weirdness & Mutations

((You are very nimble when in or above water. (Stealth+, EV+, Speed+++)))
Your lower body shifts to a powerful aquatic tail in water.


Message History

Sif Muna accepts your kill.
An orc wizard comes into view. It is wielding a +0 dagger.
What are your orders? t - Shout!
Orders for allies: a - Attack new target. r - Retreat! s - Stop attacking. g - Guard the area. f - Follow me.
Anything else - Cancel.
Gang up on whom?
Press: ? - help, Dir - move target, f - orc
Aim: an orc, wielding a +2 vorpal flail Attack!
The centaur warrior wields a +0 shortbow.
The centaur warrior shoots an arrow.
The arrow hits you!!
As you read the scroll of fog, it crumbles to dust.
The scroll dissolves into smoke.
Your wolf completely misses the orc.
Your wolf closely misses the orc.
The centaur warrior shoots an arrow.
The arrow hits you! The orc wizard misses your rat.
As you read the scroll of teleportation, it crumbles to dust.
You feel strangely unstable.
Your wolf bites the orc!
The orc dies!
Sif Muna accepts your kill.
Your rat barely misses the orc wizard.
The orc wizard points at you and mumbles some strange words.
The magic dart hits your rat!
Your rat dies!
Your rat's corpse disappears in a puff of smoke!
The centaur warrior shoots an arrow.
The arrow closely misses you.
The centaur warrior shoots an arrow.
The arrow closely misses you.
You see here a +0 pair of boots.
Your crimson imp blinks!
Your surroundings suddenly seem different.
The tengu warrior shouts!
Aiming: Polymorph
Press: ? - help, Shift-Dir - straight line, f - centaur warrior
Aim: a centaur warrior, wielding a +0 shortbow of freezing and quivering arrows (wandering, hasn't noticed you, will become a tarantella, a water nymph, or a moth of wrath, chance to affect: 31%)
Okay, then.
The tengu warrior shoots a bolt.
The bolt hits you!!
Ouch! That really hurt!
You die...

.....................$....
.............#.##.........
................#..#... ..
.............#.....#... ..
...........####.#.#.......
........c............###..
............####..#.## #..
..#.....#######....####..
.....##..@....###.........
.....#...####.............
...................#......
.....#........)..###.....
....Q#.........)..#####...
..........................
.............)............
.............)).[..####...
####..............# #...


You could see a tengu warrior and a centaur warrior (wandering).

Vanquished Creatures
  A sky beast (D:8)
  A phantom (D:6)
  A wyvern zombie (D:7)
  A centaur zombie (D:8)
  A centaur skeleton (D:7)
  A hound (D:5)
  An adder (D:5)
  A gnoll (D:7)
  A howler monkey skeleton (D:5)
  An adder skeleton (D:4)
  A worm (D:2)
  5 orcs
  A bat (D:3)
  An endoplasm (D:1)
  3 goblins (D:2)
  2 hobgoblins
  2 jackals
  2 quokkas
  8 kobolds
  5 rats
40 creatures vanquished.

Vanquished Creatures (collateral kills)
  2 two-headed ogres
  A troll (D:9)
  Eustachio (D:4)
  Edmund (D:6)
  A water moccasin (D:7)
  A sky beast (D:5)
  2 orc warriors
  2 black bears
  2 necrophages (D:6)
  3 ogres
  A bullfrog (D:7)
  4 kobold brigands
  A water moccasin skeleton (D:6)
  12 wights
  4 howler monkeys (D:9)
  A centaur zombie (D:6)
  2 jellies
  3 bullfrog skeletons
  A centaur skeleton (D:7)
  A gnoll shaman (D:7)
  An orc priest (D:6)
  Crazy Yiuf (D:5)
  3 hounds
  3 iguanas
  Terence (D:3)
  7 orc wizards
  2 hound skeletons
  Robin (D:2)
  4 gnolls (D:7)
  A howler monkey zombie (D:9)
  7 adders
  A shadow imp (D:5)
  2 white imps
  An ufetubus (D:4)
  2 worms (D:2)
  3 dart slugs
  25 orcs
  7 endoplasms
  A giant cockroach (D:4)
  4 goblins
  9 hobgoblins
  9 jackals
  A nameless horror (D:6)
  3 quokkas
  6 ball pythons
  3 bats
  3 frilled lizards
  15 kobolds
  6 rats
178 creatures vanquished.

Vanquished Creatures (others)
  2 orc warriors (D:6)
  A bat (D:3)
  6 plants (D:8)
9 creatures vanquished.

Grand Total: 227 creatures vanquished

Notes
Turn   | Place    | Note
-------+----------+-------------------------------------------
     0 | D:1      | firemarshallily the Merfolk Summoner began the quest for
                  | the Orb.
     0 | D:1      | Reached XP level 1. HP: 13/13 MP: 3/3
    83 | D:1      | Reached XP level 2. HP: 12/19 MP: 1/5
    86 | D:1      | Learned a level 2 spell: Call Imp
   963 | D:1      | Reached XP level 3. HP: 24/24 MP: 1/6
  1288 | D:2      | Learned a level 3 spell: Call Canine Familiar
  1484 | D:2      | Reached skill level 5 in Summonings
  1557 | D:2      | Reached XP level 4. HP: 28/30 MP: 5/8
  2361 | D:2      | Noticed Robin
  2380 | D:2      | Killed Robin
  2599 | D:3      | Reached XP level 5. HP: 35/35 MP: 4/9
  2605 | D:3      | Learned a level 3 spell: Summon Guardian Golem
  2637 | D:3      | Noticed Terence
  2645 | D:3      | Killed Terence
  2730 | D:3      | Reached skill level 6 in Summonings
  2770 | D:3      | Reached XP level 6. HP: 36/41 MP: 6/11
  2857 | D:3      | Found a faded altar of an unknown god.
  2890 | D:3      | Found Cimasisk's Magic Scroll Shoppe.
  3240 | D:3      | Found a white marble altar of Elyvilon.
  3475 | D:4      | Noticed Eustachio
  3504 | D:4      | Killed Eustachio
  3601 | D:4      | Reached skill level 7 in Summonings
  3606 | D:4      | Learned a level 4 spell: Summon Lightning Spire
  3656 | D:4      | Reached XP level 7. HP: 46/46 MP: 8/13
  3717 | D:4      | Found a shimmering blue altar of Sif Muna.
  3735 | D:4      | Became a worshipper of Sif Muna the Loreminder
  4368 | D:4      | Found a stormy altar of Qazlal.
  4671 | D:5      | Entered Level 5 of the Dungeon
  5224 | D:5      | Reached skill level 1 in Polearms
  5224 | D:5      | Reached skill level 8 in Summonings
  5355 | D:5      | Reached * piety under Sif Muna
  5412 | D:5      | Reached skill level 5 in Spellcasting
  5412 | D:5      | Reached XP level 8. HP: 37/52 MP: 8/15
  5543 | D:5      | Found a staircase to the Ecumenical Temple.
  5578 | D:5      | Found a runed translucent door.
  5579 | D:5      | Noticed Crazy Yiuf
  5589 | D:5      | Killed Crazy Yiuf
  6053 | D:6      | Found a radiant altar of Vehumet.
  6190 | D:6      | Noticed Edmund
  6208 | D:6      | Killed Edmund
  6481 | D:6      | Reached skill level 9 in Summonings
  7067 | D:6      | Reached skill level 5 in Polearms
  7067 | D:6      | Reached XP level 9. HP: 56/57 MP: 3/17
  7080 | D:6      | Noticed a two-headed ogre
  7285 | D:6      | Reached ** piety under Sif Muna
  7397 | D:6      | Killed a two-headed ogre
  7398 | D:6      | Reached skill level 10 in Summonings
  7429 | D:6      | Found a shadowy altar of Dithmenos.
  8300 | D:7      | Reached skill level 11 in Summonings
  8602 | D:7      | Reached XP level 10. HP: 63/63 MP: 9/20
  9203 | D:7      | Learned a level 7 spell: Summon Hydra
  9274 | D:8      | Reached *** piety under Sif Muna
  9491 | D:8      | Found an iron altar of Okawaru.
  9688 | D:8      | Found a shimmering altar of Xom.
  9956 | D:8      | Got Hyoby's Spellcraft for Beginners
 10043 | D:9      | Noticed a two-headed ogre
 10211 | D:9      | Noticed a tengu warrior
 10211 | D:9      | Noticed a centaur warrior
 10233 | D:9      | Noticed a centaur warrior
 10233 | D:9      | Noticed a cyclops
 10570 | D:9      | Killed a two-headed ogre
 10637 | D:9      | Reached skill level 12 in Summonings
 10662 | D:9      | Shot with a bolt by a tengu warrior

Illustrated notes

Levels and vault maps discovered:
D:1:      dpeg_arrival_lava_temple_mockup, layout_basic
D:2:      layout_basic, uniq_robin
D:3:      layout_rooms, elyvilon_altar_4,
          hellmonk_ecumenical_altar_heavens_door, serial_shops,
          nicolae_shop_trees, uniq_terence
D:4:      layout_gridville, overflow_temple_1_default, lemuel_crystal_altar,
          uniq_eustachio
D:5:      layout_cave_pods, minmay_temple_entry_statues_pillars, st_stairs_14,
          grunt_ministairs_5, uniq_crazy_yiuf_cottage
D:6:      layout_basic, pf_just_have_faith, vehumet_crystals,
          minmay_manual_mail, uniq_edmund
D:7:      layout_basic
D:8:      layout_basic, mainiacjoe_overflow_chevrons,
          mainiacjoe_overflow_tiny_flanked
D:9:      layout_rooms, lair_entry_dummy, minmay_misc_feat_iff, minmay_radiant

Skill      XL: |  1  2  3  4  5  6  7  8  9 10 |
---------------+-------------------------------+-----
Summonings     | 5 6 7 8 9 11 12 | 12.1
Spellcasting   | 3 4 5 6 7 |  7.6
Polearms       | 2 5 7 9 |  9.2
Dodging        | |  2.6
Stealth        | |  2.1

Action                   |  1- 3 |  4- 6 |  7- 9 | 10-12 || total
-------------------------+-------+-------+-------+-------++-------
Melee: Rapier            |    37 |     8 |       |       ||    45
       Spear             |       |    73 |   134 |       ||   207
       Punch             |       |     3 |       |       ||     3
       Trident           |       |       |    15 |    44 ||    59
Throw: Stone             |     1 |     1 |     1 |     1 ||     4
       Dart              |       |       |       |     1 ||     1
 Cast: Summon Small Mamm |    42 |    44 |    75 |    32 ||   193
       Call Imp          |    15 |    20 |    29 |    10 ||    74
       Call Canine Famil |     2 |    13 |    37 |    11 ||    63
       Summon Lightning  |       |       |     8 |    15 ||    23
       Summon Guardian G |       |       |     1 |     1 ||     2
  Use: Scroll            |       |     5 |     5 |     6 ||    16
       Potion            |       |     1 |       |       ||     1
 Stab: Distracted        |     1 |       |     2 |     2 ||     5
       Sleeping          |       |     1 |       |       ||     1
Armor: Robe              |     5 |     9 |    32 |    13 ||    59
Dodge: Dodged            |    31 |    33 |    68 |    14 ||   146
